AoeStats
← siemen2311

Arabian Desert

508931941Analyzed
1v1 RM · 8d ago on Sep 24, 2026· 40m 18s· 2 players
Game mode
Random Map
Map size
Tiny (2 player)
Population
200
Speed
Normal
Resources
Standard
Victory
Conquest
Starting age
Dark Age
Ending age
Imperial Age
RankedLock teamsTeams togetherTeam positionsShared explorationLock speedFull tech treeHidden civsTurbo modeCheats
Victory
Defeat
🇬🇧 Portuguese · United Kingdom
949
+16
🇳🇱 Bulgarians · Netherlands
958
-43
georgeclay56789
6:17 Loom
11:19 Feudal Age
12:40 Wheelbarrow
12:39 Horse Collar
20:53 Castle Age
19:55 Bloodlines
20:18 Forging
20:42 Scale Barding Armor
20:28 Fletching
24:57 Stone Mining
25:16 Pikeman
32:02 Double-Bit Axe
35:14 Imperial Age
34:44 Hand Cart
34:40 Bodkin Arrow
35:14 Ballistics
36:23 Conscription
36:10 Cavalier
37:06 Bracer
37:37 Scale Mail Armor
38:23 Elite Organ Gun
siemen2311
14:42 Feudal Age
13:00 Loom
18:37 Castle Age
19:13 Bloodlines
22:43 Forging
25:17 Iron Casting
26:25 Pikeman
39:36 Imperial Age
Connection lost

Rejoining the realm…

Still unreachable

The connection could not be restored.

Session expired

The server has moved on; the page needs a fresh start.